 Dungeon Crawl Stone Soup version 0.25.1-2-g60ff931df9 (webtiles) character file.

Game seed: 6283277378849601623

1564 Johnny the Quickloader (level 8, -4/66 HPs)
             Began as a Deep Dwarf Hunter on Aug 16, 2020.
             Was a Follower of Makhleb.
             Shot with an arrow by a centaur (12 damage)
             ... on level 6 of the Dungeon.
             The game lasted 00:07:59 (4160 turns).

Johnny the Quickloader (Deep Dwarf Hunter)          Turns: 4160, Time: 00:08:00

Health: -4/66      AC:  4    Str: 17    XL:     8   Next: 58%
Magic:  3/3        EV: 12    Int: 11    God:    Makhleb [*.....]
Gold:   332        SH:  0    Dex: 15    Spells: 7/7 levels left

rFire    . . .     SeeInvis .   a - +1 hand crossbow
rCold    + . .     Gourm    .   (no shield)
rNeg     . . .     Faith    .   c - +0 leather armour
rPois    .         Spirit   .   (no helmet)
rElec    .         Reflect  .   (no cloak)
rCorr    .         Harm     .   v - +0 pair of gloves
MR       +....                  (no boots)
Stlth    ++........             (no amulet)
HPRegen  0.00/turn              l - ring of protection from fire
MPRegen  0.08/turn              s - ring of ice

@: non-regenerating
A: damage resistance, heal wounds, sense surroundings 1, no regeneration
a: Heal Wounds, Renounce Religion


You were on level 6 of the Dungeon.
You worshipped Makhleb.
Makhleb was aware of your devotion.
You were not hungry.

You visited 2 branches of the dungeon, and saw 7 of its levels.

You collected 332 gold pieces.

Inventory:

Hand Weapons
 a - a +1 hand crossbow (weapon)
 b - a +0 short sword
 y - a +0 shortbow
Missiles
 d - 22 bolts (quivered)
 q - 109 arrows
Armour
 c - a +0 leather armour (worn)
 v - a +0 pair of gloves (worn)
Jewellery
 l - a ring of protection from fire (left hand)
 s - a ring of ice (right hand)
 t - a cursed ring of attention {unknown}
 x - an uncursed ring of protection from magic {unknown}
Scrolls
 g - a scroll of blinking {unknown}
 m - 4 scrolls of teleportation
 o - a scroll of amnesia
 r - a scroll of enchant armour {unknown}
 u - 3 scrolls of remove curse
Potions
 e - a potion of flight
 h - a potion of lignification {unknown}
 i - a potion of stabbing {unknown}
 j - a potion of resistance {unknown}
 k - a potion of brilliance {unknown}
 n - 2 potions of mutation {unknown}
 p - 3 potions of curing
 w - a potion of magic {unknown}
Comestibles
 f - 5 rations
 z - 12 chunks of flesh


   Skills:
 - Level 1.7 Fighting
 + Level 12.3 Crossbows
 - Level 2.1 Dodging
 - Level 1.2 Stealth


You had 7 spell levels left.
You didn't know any spells.
Your spell library contained the following spells:

 Spells                   Type           Power        Failure   Level  Hunger
 Animate Skeleton         Necr           N/A          41%         1    ##.....
 Apportation              Tloc           #.....       41%         1    ##.....
 Corona                   Hex            #......      41%         1    ##.....
 Summon Small Mammal      Summ           #...         41%         1    ##.....


Dungeon Overview and Level Annotations

Branches:
Dungeon (6/15)             Temple (1/1) D:4

Altars:
Ashenzari
Dithmenos
Elyvilon
Fedhas
Gozag
Hepliaklqana
Makhleb
Nemelex Xobeh
Okawaru
Ru
Sif Muna
Trog
Uskayaw
Vehumet
Wu Jian
Xom
Yredelemnul
Zin
The Shining One


Innate Abilities, Weirdness & Mutations

You are resistant to damage.
You can heal yourself by infusing magical energy.
You passively map a small area around you.
You do not regenerate.


Message History

The centaur is heavily wounded.
The centaur shoots an arrow.
The arrow misses you.
You hear a bark!
Firing (i - inventory)
d - 24 bolts (quivered)
Press: ? - help, Shift-Dir - straight line, f/p - centaur
Aim: a centaur, wielding a +0 shortbow and quivering 15 arrows (heavily wounded)
You shoot a bolt. The bolt barely misses the centaur.
The centaur shoots an arrow.
The arrow hits you!
* * * LOW HITPOINT WARNING * * *
The centaur shoots an arrow.
The arrow hits you!
* * * LOW HITPOINT WARNING * * *
Firing (i - inventory)
d - 23 bolts (quivered)
Press: ? - help, Shift-Dir - straight line, f/p - centaur
Aim: a centaur, wielding a +0 shortbow and quivering 13 arrows (heavily wounded)
You shoot a bolt.
The bolt hits the centaur but does no damage.
The centaur is heavily wounded.
A jackal comes into view.
The centaur shoots an arrow.
The arrow hits you!
You die...

##.#)...########)#####>#,,
....)[..# #.......# *
.#.###..# ####..#..... ,
.#..<...# #........#.#. *
.####...# #........#.#.#
.# #...# #..#......># . ,
.# #...# #..#..#..#.# ##
.####...#####..##(.....# ,
....>........h..@....###
........ ................
........ hc...##....#.#..
, .##..... (### *#......#
. , .# .#... , ##....## .#
,#... , *, *##...# ## .. ,
...#* * * * .... * * ,


You could see a centaur and 2 jackals.

Vanquished Creatures
  Duvessa (D:6)
  3 orc warriors (D:6)
  A sky beast (D:4)
  An ice beast (D:4)
  A phantom (D:4)
  2 centaurs
  An ogre (D:6)
  Dowan (D:6)
  2 hounds (D:4)
  A bullfrog skeleton (D:4)
  6 orc wizards
  3 orc priests
  2 worker ants (D:4)
  6 adders
  3 oozes
  2 worms
  6 dart slugs
  6 leopard geckos
  26 orcs
  4 bats
  8 giant cockroaches
  8 goblins
  13 hobgoblins
  A ball python (D:1)
  7 frilled lizards
  8 kobolds
  11 rats
134 creatures vanquished.

Notes
Turn   | Place    | Note
-------+----------+-------------------------------------------
     0 | D:1      | Johnny the Deep Dwarf Hunter began the quest for the Orb.
     0 | D:1      | Reached XP level 1. HP: 19/19 MP: 1/1
   103 | D:1      | Reached XP level 2. HP: 21/26 MP: 2/2
   120 | D:1      | Reached skill level 5 in Crossbows
   226 | D:1      | Reached XP level 3. HP: 17/32 MP: 3/3
   933 | D:2      | Reached skill level 6 in Crossbows
  1106 | D:2      | Reached XP level 4. HP: 20/39 MP: 4/4
  1607 | D:3      | Found a sparkling altar of Nemelex Xobeh.
  1694 | D:3      | Found a shimmering blue altar of Sif Muna.
  1724 | D:3      | Found a faded altar of an unknown god.
  1735 | D:3      | Noticed a centaur
  1737 | D:3      | Killed a centaur
  1737 | D:3      | Reached skill level 7 in Crossbows
  1737 | D:3      | Reached XP level 5. HP: 20/45 MP: 5/5
  2332 | D:4      | Reached skill level 8 in Crossbows
  2332 | D:4      | Reached XP level 6. HP: 16/52 MP: 6/6
  2345 | D:4      | Found a staircase to the Ecumenical Temple.
  2355 | Temple   | Entered the Ecumenical Temple
  2501 | Temple   | Became a worshipper of Makhleb the Destroyer
  2882 | D:4      | Reached skill level 9 in Crossbows
  2882 | D:4      | Reached XP level 7. HP: 34/58 MP: 6/6
  3057 | D:4      | Found a hazy altar of Hepliaklqana.
  3491 | D:5      | Entered Level 5 of the Dungeon
  3544 | D:4      | Reached skill level 10 in Crossbows
  3597 | D:5      | Reached * piety under Makhleb
  3695 | D:5      | Noticed a two-headed ogre
  3836 | D:6      | Noticed Duvessa
  3836 | D:6      | Noticed Dowan
  3851 | D:6      | Killed Duvessa
  3858 | D:6      | Killed Dowan
  3920 | D:6      | Reached skill level 11 in Crossbows
  3920 | D:6      | Reached XP level 8. HP: 37/66 MP: 4/4
  4008 | D:6      | HP: 1/66 [orc warrior/+0 halberd (18)]
  4055 | D:6      | Reached skill level 12 in Crossbows
  4160 | D:6      | Shot with an arrow by a centaur

Illustrated notes

Levels and vault maps discovered:
D:1:      tarquinn_simple_flora_water_a, layout_loops_ring
D:2:      layout_loops_ring, minmay_tromino_i2
D:3:      layout_loops_cross, nemelex_xobeh_ov_fountains_minmay,
          chequers_ecumenical_altar_simple_redux, minivault_19, led_sif_pool
D:4:      layout_loops_ring, overflow_temple_1_default,
          minmay_temple_entry_waves
D:5:      layout_basic, marbit_many_paths, gup_sewer_entry_glass, first_ration,
          corner_web_ring, chequers_serial_rivers_micro_c
D:6:      layout_loops_cross, uniq_duvessa
Temple:   eino_temple_scatter_basement

Skill      XL: |  1  2  3  4  5  6  7  8 |
---------------+-------------------------+-----
Crossbows      | 5 6 7 8 9 11 12 | 12.3
Fighting       | |  1.7
Dodging        | |  2.1
Stealth        | |  1.2

Action                   |  1- 3 |  4- 6 |  7- 9 || total
-------------------------+-------+-------+-------++-------
Melee: Hand crossbow     |       |       |     1 ||     1
 Fire: Hand crossbow     |   101 |   166 |   158 ||   425
 Abil: Heal Wounds       |       |     2 |    11 ||    13
  Use: Scroll            |       |       |     5 ||     5
  Eat: Chunk             |       |     6 |     4 ||    10
Armor: Leather armour    |     6 |    10 |     9 ||    25
Dodge: Dodged            |    23 |    46 |    65 ||   134
